 Dungeon Crawl Stone Soup version 0.20.1-1-g8b1a95d (webtiles) character file.

154 wolfsongas the Cutter (level 5, -3/41 HPs)
             Began as a Demonspawn Fighter on Aug 3, 2017.
             Killed by nerve-wracking pain
             ... invoked by an orc priest
              (13 damage)
             ... on level 3 of the Dungeon.
             The game lasted 00:04:56 (2008 turns).

wolfsongas the Cutter (Demonspawn Fighter)          Turns: 2008, Time: 00:04:56

Health: -3/41      AC: 12    Str: 22    XL:     5   Next: 13%
Magic:  5/5        EV:  8    Int: 10    God:
Gold:   132        SH:  9    Dex: 12    Spells: 4/4 levels left

rFire    . . .     SeeInvis .   e - +1 dagger (vamp)
rCold    + . .     Gourm    .   c - +0 shield
rNeg     . . .     Faith    .   n - +4 ring mail {rC+}
rPois    .         Spirit   .   (no helmet)
rElec    .         Reflect  .   u - +0 cloak
rCorr    .         Harm     .   (no gloves)
MR       .....                  h - +1 pair of boots
Stlth    +.........             (no amulet)
Regen    0.2/turn               (no ring)
MPRegen  0.1/turn               (no ring)

@: mighty
A: powered by pain 1
a: no special abilities


You were on level 3 of the Dungeon.
You were full.

You visited 1 branch of the dungeon, and saw 3 of its levels.

You collected 132 gold pieces.

Inventory:

Hand Weapons
 a - a +0 flail
 e - a +1 vampiric dagger (weapon)
Armour
 c - a +0 shield (worn)
 h - a +1 pair of boots (worn)
 n - a +4 ring mail of cold resistance (worn)
 r - a +0 plate armour
 u - a +0 cloak (worn)
Scrolls
 b - 2 scrolls of fog
 i - 2 scrolls of identify {unknown}
 l - a scroll of random uselessness {unknown}
 m - 2 scrolls of teleportation {unknown}
 p - a scroll of enchant armour
 s - 2 scrolls of magic mapping {unknown}
 t - a scroll of remove curse
 v - a scroll of amnesia {unknown}
Potions
 f - a potion of degeneration {unknown}
 j - a potion of brilliance {unknown}
 k - a potion of curing {unknown}
 q - a potion of flight {unknown}
Books
 w - a book of Callings

   Spells                             Type                      Level
   a - Summon Small Mammal            Summoning                    1
   b - Call Imp                       Summoning                    2
   c - Call Canine Familiar           Summoning                    3
   d - Summon Guardian Golem          Hexes/Summoning              3
   e - Summon Lightning Spire         Summoning/Air                4
   f - Summon Ice Beast               Ice/Summoning                4
Comestibles
 g - 4 meat rations
 o - 2 bread rations


   Skills:
 - Level 3.0 Fighting
 * Level 4.0 Short Blades
 - Level 2.5 Maces & Flails
 - Level 2.6 Armour
 - Level 2.6 Shields


You had 4 spell levels left.
You didn't know any spells.

Dungeon Overview and Level Annotations

Branches:
Dungeon (3/15)

Altars:
Sif Muna


Innate Abilities, Weirdness & Mutations

You sometimes gain a little power by taking damage.


Message History

You are too injured to fight recklessly!
You are too injured to fight recklessly!
You are too injured to fight recklessly!
You barely miss the orc.
The orc is heavily wounded.
The orc hits you but does no damage. x3
You closely miss the orc.
The orc is heavily wounded.
The orc priest calls upon Beogh to heal the orc.
The orc's wounds heal themselves!
The orc closely misses you. The orc hits you with a hand axe.
* * * LOW HITPOINT WARNING * * *
The orc priest hits you but does no damage.
The orc hits you but does no damage. The orc closely misses you.
You puncture the orc priest!
The orc priest is almost dead.
The orc hits you but does no damage.
The orc priest mumbles some strange prayers to Beogh against you.
Pain shoots through your body!
You die...

...#...#.#############
.....................##
...#...#.#########.....
..#...#.#########.#..#
...<..................
...#.#.#.#########.#..#
.. #.#.#.# #.#... #
##+#o#'#### #.....
#..o@.....# #.....
#...oo....# #.....
#.........# #.....
#.........######.....
##......$.)........##
################รท...
##.## #.# #.#


You could see an orc priest and 3 orcs.

Vanquished Creatures
  A hound (D:3)
  Terence (D:3)
  2 adders
  An ooze (D:2)
  7 worms
  3 leopard geckos
  A ball python (D:2)
  7 bats
  9 goblins
  6 hobgoblins
  4 jackals (D:1)
  A quokka (D:2)
  9 frilled lizards
  2 kobolds
  6 rats
60 creatures vanquished.

Notes
Turn   | Place    | Note
-------+----------+-------------------------------------------
     0 | D:1      | wolfsongas the Demonspawn Fighter began the quest for the Orb.
     0 | D:1      | Reached XP level 1. HP: 18/18 MP: 1/1
    57 | D:1      | Gained mutation: You sometimes gain a little power by taking damage. [demonic ancestry]
    57 | D:1      | Reached XP level 2. HP: 14/24 MP: 2/2
   484 | D:1      | Reached skill level 1 in Short Blades
   803 | D:2      | Reached XP level 3. HP: 29/29 MP: 3/3
   876 | D:2      | Reached skill level 2 in Short Blades
  1179 | D:2      | Found a deep blue altar of Sif Muna.
  1298 | D:3      | Reached XP level 4. HP: 24/35 MP: 4/4
  1529 | D:3      | Reached skill level 3 in Short Blades
  1582 | D:3      | Noticed Terence
  1609 | D:3      | Killed Terence
  1991 | D:3      | Reached skill level 4 in Short Blades
  1991 | D:3      | Reached XP level 5. HP: 39/41 MP: 5/5
  2008 | D:3      | Killed from afar by an orc priest

Skill      XL: |  1  2  3  4 |
---------------+-------------+-----
Maces & Flails | 2 |  2.5
Short Blades   | 1 2 4 |  4.0
Fighting       | |  3.0
Armour         | |  2.6
Shields        | |  2.6

Action                   |  1- 3 |  4- 6 || total
-------------------------+-------+-------++-------
Melee: Flail             |    17 |       ||    17
       Dagger            |   183 |   128 ||   311
  Use: Scroll            |     6 |     1 ||     7
       Potion            |       |     2 ||     2
  Eat: Bread ration      |     2 |       ||     2
       Meat ration       |     1 |       ||     1
Armor: Scale mail        |    90 |       ||    90
       Ring mail         |    12 |    55 ||    67
Dodge: Dodged            |    52 |    49 ||   101
Block: Shield            |   101 |    55 ||   156
